 Dungeon Crawl Stone Soup version 0.28-a0-1365-g7e0445c96d (webtiles) character file.

Game seed: 12587252490288607410

1868 ChaosChampion the Cleaver (level 9, -6/81 HPs)
             Began as a Hill Orc Fighter on Dec 31, 2021.
             Was an Initiate of Beogh.
             Mangled by Maggie (8 damage)
             ... on level 6 of the Dungeon.
             The game lasted 00:09:05 (7323 turns).

ChaosChampion the Cleaver (Hill Orc Fighter)        Turns: 7323, Time: 00:09:05

Health: -6/81      AC:  6    Str: 23    XL:     9   Next: 13%
Magic:  9/9        EV: 15    Int:  8    God:    Beogh [......]
Gold:   302        SH: 11    Dex: 16    Spells: 8/8 levels left

rFire   . . .      SeeInvis .   a - +0 war axe
rCold   x . .      Faith    .   c - +0 buckler
rNeg    . . .      Spirit   .   x - +3 leather armour "Xead" {-Tele Rampage Dex+6}
rPois   .          Reflect  +   (no helmet)
rElec   +          Harm     .   (no cloak)
rCorr   .          Rampage  +   (no gloves)
Will    +++..      NoTele   +   (no boots)
Stlth   +.........              k - amulet of reflection
HPRegen 0.23/turn               j - +4 ring of evasion
MPRegen 0.11/turn               y - ring "Siepod" {+Blink Fly rElec rC- Will+++}

@: flying
A: no striking features
a: Renounce Religion, Evoke Blink


You were on level 6 of the Dungeon.
You worshipped Beogh.
Beogh was noncommittal.
You visited 1 branch of the dungeon, and saw 6 of its levels.

You collected 302 gold pieces.

Inventory:

Hand Weapons
 a - a +0 war axe (weapon)
 B - the +7 quarterstaff of the Evening {elec, rElec rPois rC- Str+4}
   (You found it on level 6 of the Dungeon)

   It occasionally discharges a powerful burst of electricity upon striking a
   foe.
   Str:       It affects your strength (+4).
   rC:        It makes you vulnerable to cold.
   rElec:     It insulates you from electricity.
   rPois:     It protects you from poison.
Missiles
 f - 15 poisoned darts
Armour
 b - a +0 scale mail
 c - a +0 buckler (worn)
 x - the +3 leather armour "Xead" (worn) {-Tele Rampage Dex+6}
   (You found it on level 5 of the Dungeon)

   Dex:       It affects your dexterity (+6).
   -Tele:     It prevents most forms of teleportation.
   Rampage:   It bestows one free step when moving towards enemies.
Jewellery
 j - a +4 ring of evasion (left hand)
 k - an amulet of reflection (around neck)
 t - an amulet of the acrobat
 y - the ring "Siepod" (right hand) {+Blink Fly rElec rC- Will+++}
   (You found it on level 5 of the Dungeon)

   [ring of flight]

   rC:        It makes you vulnerable to cold.
   rElec:     It insulates you from electricity.
   Fly:       It grants you flight.
   +Blink:    It lets you blink.
   Will:      It greatly increases your willpower.
 C - a +6 ring of strength
Wands
 m - a wand of polymorph (2)
 v - a wand of paralysis (6)
 z - a wand of flame (11)
 D - a wand of iceblast (6) (quivered)
Scrolls
 g - 2 scrolls of blinking {unknown}
 h - 2 scrolls of vulnerability {unknown}
 n - 5 scrolls of teleportation {unknown}
 p - 2 scrolls of identify {unknown}
 s - a scroll of amnesia {unknown}
 u - a scroll of magic mapping {unknown}
 w - a scroll of brand weapon {unknown}
Potions
 d - 3 potions of might
 e - 3 potions of flight {unknown}
 i - 4 potions of curing {unknown}
 l - a potion of heal wounds {unknown}
 o - a potion of ambrosia {unknown}
 q - 4 potions of brilliance
 r - a potion of haste {unknown}
 A - a potion of mutation {unknown}


   Skills:
 + Level 7.8 Fighting
 + Level 8.0 Axes
 + Level 7.1 Armour
 + Level 7.1 Shields


You had 8 spell levels left.
You didn't know any spells.
Your spell library contained the following spells:

 Spells                   Type           Power      Damage    Failure   Level
 Animate Dead             Necr           0%         N/A       99%         4
 Borgnjor's Vile Clutch   Necr/Erth      0%         N/A       100%        5
 Death Channel            Necr           0%         N/A       100%        6
 Chain Lightning          Conj/Air       0%         N/A       100%        9
 Fire Storm               Conj/Fire      0%         5d1       100%        9
 Shatter                  Erth           0%         3d5*      100%        9


Dungeon Overview and Level Annotations

Branches:
Dungeon (6/15)             Temple (0/1) D:4

Altars:
Cheibriados
Fedhas
Gozag
Nemelex Xobeh
Vehumet
Wu Jian

Shops:
D:1 (([   D:2 (   D:3 [

Annotations:
D:2 1 runed translucent door, Crazy Yiuf
D:6 Maggie


Message History

You hit Maggie.
Maggie is heavily wounded.
Maggie mumbles the words to a spell, but in the wrong order.
Maggie casts a spell at you. The bolt of fire hits you!!
You hit Maggie.
Maggie is heavily wounded.
You block Maggie's attack.
You barely miss Maggie.
Maggie is heavily wounded.
You block Maggie's attack.
Maggie hits you with a +1 vorpal halberd!
You hit Maggie.
Maggie is severely wounded.
Maggie closely misses you.
You hit Maggie but do no damage.
Maggie is severely wounded.
You block Maggie's attack.
You hit Maggie.
Maggie is severely wounded.
Maggie gestures at you while chanting. The bolt of fire hits you!!
* * * LOW HITPOINT WARNING * * *
You are too injured to fight recklessly!
You are too injured to fight recklessly!
You hit Maggie.
Maggie is severely wounded.
Maggie hits you with a +1 vorpal halberd!
* * * LOW HITPOINT WARNING * * *
x2
Okay, then.
Okay, then.
Press: ? - help, v - describe, . - travel
Here: Maggie, wielding a +1 vorpal halberd and wearing +0 steam dragon scales (severely wounded)
The floor, spattered with blood.
Aiming: Iceblast
Press: ? - help, Q - select action, (/) - cycle Shift-Dir - straight line The mass of ice explodes!
The iceblast engulfs Maggie!
Maggie is almost dead.
Maggie hits you with a +1 vorpal halberd!
You die...

............#
#.#.########
#.#...(.....# ##..# #
##.......## ##.#
######### ##.....##
#.# #........ ##....#
#.# #.####### ##.#.##
#.####.#####
#.....#####.##.......#
#............#.###.#
##.@@[........#
........./..######
#############


You could see Maggie.

Vanquished Creatures
  Prince Ribbit (D:6)
  Sigmund (D:4)
  Menkaure (D:5)
  Duvessa (D:4)
  A water moccasin (D:5)
  An ice beast (D:6)
  A centaur (D:6)
  A phantom (D:5)
  A scorpion (D:5)
  A wyvern zombie (D:5)
  2 water moccasin zombies (D:6)
  Dowan (D:4)
  A water moccasin skeleton (D:4)
  2 centaur zombies
  A crimson imp (D:4)
  2 bullfrog zombies
  4 hounds
  A jelly (D:4)
  A bullfrog skeleton (D:5)
  3 iguanas
  Natasha (thrice) (D:2)
  2 orc wizards (D:3)
  A killer bee zombie (D:6)
  4 adders
  A howler monkey skeleton (D:6)
  A worm (D:3)
  4 dart slugs
  5 orcs (D:3)
  7 ball pythons
  4 bats
  5 endoplasms
  2 giant cockroaches
  6 goblins
  3 hobgoblins
  3 jackals (D:5)
  4 quokkas
  A frilled lizard (D:1)
  7 kobolds
  A rat (D:3)
92 creatures vanquished.

Vanquished Creatures (others)
  2 fungi (D:2)
2 creatures vanquished.

Grand Total: 94 creatures vanquished

Notes
Turn   | Place    | Note
-------+----------+-------------------------------------------
     0 | D:1      | ChaosChampion the Hill Orc Fighter began the quest for the
                  | Orb.
     0 | D:1      | Reached XP level 1. HP: 19/19 MP: 1/1
   125 | D:1      | Found Egehuy's Antique Weapon Shop.
   183 | D:1      | Found Vapod's Weapon Shoppe.
   358 | D:1      | Reached XP level 2. HP: 27/27 MP: 2/2
   481 | D:1      | Found Ecatiuci's Antique Armour Shop.
   545 | D:1      | Reached skill level 3 in Axes
  1124 | D:2      | Reached XP level 3. HP: 33/33 MP: 3/3
  1249 | D:2      | Found a faded altar of an unknown god.
  1477 | D:2      | Found Vistoxyre's Antique Weapon Boutique.
  1483 | D:2      | Noticed Natasha
  1496 | D:2      | Killed Natasha
  1497 | D:2      | Reached XP level 4. HP: 32/40 MP: 4/4
  1629 | D:2      | Noticed Natasha
  1639 | D:2      | Killed Natasha
  1829 | D:2      | Found a runed translucent door.
  1830 | D:2      | Noticed Crazy Yiuf
  2071 | D:2      | Noticed Natasha
  2078 | D:2      | Killed Natasha
  2079 | D:2      | Reached skill level 4 in Axes
  2079 | D:2      | Reached XP level 5. HP: 44/47 MP: 5/5
  2110 | D:2      | Found a blossoming altar of Fedhas.
  2498 | D:3      | Found a sparkling altar of Nemelex Xobeh.
  2785 | D:3      | Found Ockyne's Armour Shoppe.
  2911 | D:3      | Reached skill level 5 in Fighting
  2911 | D:3      | Reached XP level 6. HP: 6/56 MP: 6/6
  3494 | D:4      | Noticed Grinder
  3620 | D:4      | Found an ornate altar of the Wu Jian Council.
  3742 | D:4      | Became a worshipper of Beogh the Brigand
  3926 | D:4      | Found an opulent altar of Gozag.
  3946 | D:4      | Found a staircase to the Ecumenical Temple.
  3969 | D:4      | Paralysed by Grinder for 7 turns
  3976 | D:4      | Noticed Grinder
  3976 | D:4      | Grinder changed into Grinder the crimson imp
  4013 | D:4      | Killed Grinder the crimson imp
  4014 | D:4      | Reached skill level 5 in Axes
  4218 | D:4      | Noticed Dowan
  4218 | D:4      | Noticed Duvessa
  4229 | D:4      | Found a snail-covered altar of Cheibriados.
  4291 | D:4      | Noticed Sigmund
  4300 | D:4      | Killed Sigmund
  4301 | D:4      | Reached skill level 5 in Armour
  4301 | D:4      | Reached skill level 5 in Shields
  4301 | D:4      | Reached XP level 7. HP: 56/62 MP: 7/7
  4458 | D:4      | Killed Duvessa
  4472 | D:4      | Killed Dowan
  4561 | D:4      | Reached skill level 6 in Axes
  5124 | D:5      | Entered Level 5 of the Dungeon
  5147 | D:5      | Reached XP level 8. HP: 71/71 MP: 8/8
  5148 | D:5      | Identified the +3 leather armour "Xead" {-Tele Rampage
                  | Dex+6}
  5192 | D:5      | Identified the ring "Siepod" {+Blink Fly rElec rC- Will+++}
  5204 | D:5      | Found a radiant altar of Vehumet.
  5949 | D:5      | Noticed Menkaure
  6120 | D:5      | Killed Menkaure
  6121 | D:5      | Reached skill level 7 in Axes
  6481 | D:6      | Noticed Prince Ribbit
  6495 | D:6      | Identified the +7 quarterstaff of the Evening {elec, rElec
                  | rPois rC- Str+4}
  6505 | D:6      | Killed Prince Ribbit
  7026 | D:6      | Reached XP level 9. HP: 63/79 MP: 9/9
  7141 | D:6      | Reached skill level 8 in Axes
  7307 | D:6      | Noticed Maggie
  7322 | D:6      | HP: 3/81 [Maggie (14)]
  7322 | D:6      | HP: 1/81 [Maggie (2)]
  7323 | D:6      | Mangled by Maggie

Illustrated notes

Levels and vault maps discovered:
D:1:      grunt_arrival_lava_bath, layout_loops_corners, serial_shops,
          nicolae_shop_stone, nicolae_shop_behind_doors,
          nicolae_shop_bloodbath_and_beyond, minmay_door_square
D:2:      layout_basic, serial_shops, nicolae_shop_behind_doors,
          nicolae_ecumenical_lake_church, basic_altar, uniq_crazy_yiuf_cottage,
          uniq_natasha
D:3:      layout_basic, nemelex_xobeh_ov_fountains_minmay, serial_shops,
          nicolae_shop_stone
D:4:      layout_layer_cave, mainiacjoe_overflow_24_doors,
          mainiacjoe_overflow_paths, kennysheep_slug_shrine,
          minmay_temple_entry_trees, uniq_duvessa, uniq_grinder, uniq_sigmund
D:5:      layout_basic, nicolae_vehumet_radiance, chequers_decorated_corner,
          uniq_menkaure
D:6:      layout_loops_ring, lemuel_flame_loot_1, uniq_maggie,
          uniq_prince_ribbit1

Skill      XL: |  1  2  3  4  5  6  7  8  9 |
---------------+----------------------------+-----
Axes           | 3 4 5 6 7 8 |  8.0
Fighting       | 4 5 6 7 |  7.8
Armour         | 4 5 6 7 |  7.1
Shields        | 4 5 6 7 |  7.1

Action                   |  1- 3 |  4- 6 |  7- 9 || total
-------------------------+-------+-------+-------++-------
Melee: War axe           |    71 |   147 |   171 ||   389
       Unarmed           |       |     7 |       ||     7
Throw: Dart              |       |     9 |     1 ||    10
Invok: Convert to Beogh  |       |     1 |       ||     1
Evoke: Wand              |       |     2 |     1 ||     3
 Stab: Sleeping          |       |       |     2 ||     2
Armor: Scale mail        |    33 |    58 |    13 ||   104
       Leather armour    |       |       |    23 ||    23
Dodge: Dodged            |    33 |    61 |    90 ||   184
Block: Buckler           |    17 |    45 |    94 ||   156
       Reflection        |       |       |     1 ||     1

Table legend: (Time is in decaauts)
 A = Elapsed time spent in this place.
 B = Non-inter-level travel time spent in this place.
 C = Inter-level travel time spent in this place.
 D = Time resting spent in this place.
 E = Time spent auto-exploring this place.
 F = Levels seen in this place.
 G = Mean time per level.
                   A        B        C        D        E       F      G
               +--------+--------+--------+--------+--------+-----+--------+
         Total |   7424 |   7289 |    135 |   1048 |   5146 |   6 | 1237.3 |
       Dungeon |   7424 |   7289 |    135 |   1048 |   5146 |   6 | 1237.3 |
               +--------+--------+--------+--------+--------+-----+--------+

Top non-repeatable levels by time:
     D:4: 1710 daAuts
     D:2: 1262 daAuts
     D:3: 1230 daAuts
     D:5: 1143 daAuts
     D:1: 1135 daAuts
     D:6: 941 daAuts
